 Dungeon Crawl Stone Soup version 0.30.1-11-g7821555f0a (webtiles) character file.

Game seed: 15917779010022579017

287 fireball365 the Chopper (level 6, -8/53 HPs)
             Began as a Hill Orc Fighter on Nov 10, 2023.
             Mangled by a goblin
             ... wielding a +2 dagger of electrocution
              (20 damage)
             ... on level 4 of the Dungeon.
             The game lasted 00:04:42 (2296 turns).

fireball365 the Chopper (Hill Orc Fighter)          Turns: 2296, Time: 00:04:42

Health: -8/53      AC: 11    Str: 21    XL:     6   Next: 30%
Magic:  6/6        EV:  8    Int:  8    God:
Gold:   181        SH:  4    Dex: 10    Spells: 5/5 levels left

rFire   . . .        a - +0 war axe (protect)
rCold   . . .        c - +0 buckler
rNeg    . . .        m - +0 chain mail
rPois   .            h - +0 helmet
rElec   .            t - +0 cloak
rCorr   .            (no gloves)
SInv    .            (no boots)
Will    .....        (no amulet) Stlth
                     (no ring)
HPRegen 0.28/turn    (no ring)
MPRegen 0.10/turn

%: no passive effects
@: no status effects
A: no striking features
a: no special abilities


You were on level 4 of the Dungeon.
You visited 1 branch of the dungeon, and saw 4 of its levels.

You collected 181 gold pieces.

Inventory:

Hand Weapons
 a - a +0 war axe of protection (weapon)
Missiles
 k - a throwing net (quivered)
Armour
 c - a +0 buckler (worn)
 h - a +0 helmet (worn)
 m - a +0 chain mail (worn)
 t - a +0 cloak (worn)
Wands
 v - a wand of roots (3)
Scrolls
 i - 2 scrolls of teleportation {unknown}
 j - 2 scrolls of summoning {unknown}
 p - 2 scrolls of identify {unknown}
 q - a scroll of fog
 s - a scroll of brand weapon
 u - a scroll of enchant armour {unknown}
 w - a scroll of noise {unknown}
 x - a scroll of amnesia {unknown}
 y - a scroll of poison {unknown}
Potions
 b - a potion of flight {unknown}
 d - 3 potions of might
 e - 2 potions of magic {unknown}
 f - a potion of invisibility {unknown}
 g - 3 potions of curing {unknown}
 l - a potion of mutation {unknown}
 n - a potion of brilliance {unknown}
 o - 2 potions of haste {unknown}
 r - a potion of degeneration {unknown}
 z - a potion of attraction {unknown}
 A - a potion of lignification {unknown}


   Skills:
 + Level 4.4 Fighting
 + Level 6.5 Axes
 + Level 3.9 Armour
 + Level 0.2 Dodging
 + Level 4.5 Shields


You had 5 spell levels left.
You didn't know any spells.
Your spell library contained the following spells:

 Spells                   Type           Power      Damage    Failure   Level
 Ensorcelled Hibernation  Hex/Ice        0%         N/A       99%         2
 Gell's Gravitas          Tloc           0%         N/A       100%        3
 Spider Form              Tmut/Pois      0%         N/A       100%        3
 Teleport Other           Tloc           0%         N/A       100%        3
 Anguish                  Hex/Necr       0%         N/A       100%        4
 Dispersal                Tloc           0%         N/A       100%        6


Dungeon Overview and Level Annotations

Branches:
Dungeon (4/15)             Temple (0/1) D:4

Altars:
Okawaru
Qazlal
Xom


Message History

The iguana hisses angrily.
You hit the ball python.
Your weapon exudes an aura of protection.
You kill the ball python!
The iguana bites you.
You see here a ball python corpse.
An endoplasm comes into view.
You slash the iguana!
Your weapon exudes an aura of protection.
The iguana is severely wounded.
The iguana bites you!
You hit the iguana but do no damage.
The iguana is severely wounded.
The iguana barely misses you.
You hit the iguana.
The iguana is almost dead.
The iguana bites you.
You barely miss the iguana.
The iguana is almost dead.
The iguana barely misses you. You block the iguana's attack.
You hit the iguana.
You kill the iguana!
You see here a ball python corpse.
You hit the endoplasm.
You kill the endoplasm!
There is a staircase to the Ecumenical Temple here.
A goblin comes into view.
It is wielding a +2 dagger of electrocution.
The goblin attacks as you move away! The goblin barely misses you.
You see here 14 gold pieces.
You now have 181 gold pieces (gained 14).
The goblin hits you with a +2 dagger of electrocution.
You are electrocuted!!
You miss the goblin. The goblin closely misses you.
You closely miss the goblin. The goblin hits you but does no damage.
You closely miss the goblin.
The goblin hits you but does no damage. x2
You are electrocuted!
* * * LOW HITPOINT WARNING * * *
You closely miss the goblin. The goblin hits you but does no damage.
You are electrocuted!!
You die...

.# #.# #.# ##
#####.####...# ##.
......#...#.
#..##...#....... #
#..#.#.....#..
##.#.@g.#..#......
##...#....##....#.##)
.........>.......#...
###...##†...#.......
##.#..#....#...#.#
#....#.#..#...#.##[
##..#...##.........
##...........#.##
########..<.#


You could see a goblin.

Vanquished Creatures
  2 orc priests (D:3)
  Crazy Yiuf (D:2)
  An iguana (D:4)
  An orc wizard (D:3)
  Robin (D:2)
  3 adders
  2 worms
  3 dart slugs
  7 orcs (D:3)
  7 ball pythons
  10 endoplasms
  2 giant cockroaches (D:2)
  19 goblins
  8 hobgoblins
  3 jackals (D:3)
  2 quokkas
  8 bats
  2 frilled lizards (D:2)
  6 kobolds
  4 rats
  A spectral goblin (D:3)
93 creatures vanquished.

Notes
Turn   | Place    | Note
-------+----------+-------------------------------------------
     0 | D:1      | fireball365 the Hill Orc Fighter began the quest for the
                  | Orb.
     0 | D:1      | Reached XP level 1. HP: 19/19 MP: 1/1
    54 | D:1      | Reached XP level 2. HP: 20/27 MP: 2/2
   237 | D:1      | Reached skill level 3 in Axes
   551 | D:2      | Reached XP level 3. HP: 28/33 MP: 3/3
   693 | D:2      | Found a runed translucent door.
   694 | D:2      | Noticed Crazy Yiuf
   730 | D:2      | Noticed Robin
   742 | D:2      | Killed Robin
   743 | D:2      | Reached skill level 4 in Axes
   743 | D:2      | Reached XP level 4. HP: 37/40 MP: 4/4
  1193 | D:2      | Killed Crazy Yiuf
  1194 | D:2      | Reached skill level 5 in Axes
  1194 | D:2      | Reached XP level 5. HP: 41/46 MP: 5/5
  1579 | D:3      | Found a stormy altar of Qazlal.
  1634 | D:3      | Found a faded altar of an unknown god.
  1745 | D:3      | Found a shimmering altar of Xom.
  1759 | D:3      | Reached skill level 6 in Axes
  1768 | D:3      | Reached XP level 6. HP: 41/53 MP: 6/6
  1900 | D:3      | Found an iron altar of Okawaru.
  2262 | D:4      | Found a staircase to the Ecumenical Temple.
  2296 | D:4      | Mangled by a goblin

Illustrated notes

Levels and vault maps discovered:
D:1:      psy_arrival_fountain, layout_rooms, glass_columns_a,
          minmay_indecisive_spiral
D:2:      minmay_diamond_boxcup, layout_rooms, corexii_item_surrounded_by_moat,
          minmay_split_cup_large, uniq_robin, uniq_crazy_yiuf_cottage
D:3:      minmay_spotlight, layout_basic, nicolae_qazlal_general_emergency,
          old_standard_altar, lemuel_tele_altar, serial_rivers,
          chequers_serial_rivers_micro_d, chequers_serial_rivers_small_a,
          chequers_serial_rivers_marsh, chequers_serial_rivers_micro_d,
          chequers_serial_rivers_marsh,
          dreamdust_ecumenical_altar_drowned_temple
D:4:      minmay_general_purpose_star, layout_loops_ring,
          lemuel_mausoleum_altar_yredelemnul, lemuel_crystal_altar,
          minmay_temple_entry_mini_moons

Skill      XL: |  1  2  3  4  5 |
---------------+----------------+-----
Shields        | 4 |  4.5
Axes           | 3 4 5 6 |  6.5
Fighting       | 4 |  4.4
Armour         | |  3.9
Dodging        | |  0.2

Action                     |  1- 3 |  4- 6 || total
---------------------------+-------+-------++-------
  Melee: War axe           |    63 |   139 ||   202
    Use: Scroll            |     1 |     1 ||     2
 Armour: Scale mail        |    32 |       ||    32
         Chain mail        |    16 |    97 ||   113
  Dodge: Dodged            |    40 |    50 ||    90
  Block: Buckler           |    20 |    44 ||    64
